Map: Année zéro EC

Players

Sorandom - Winner!

  • Race: Zerg Zerg
  • League: Diamond
  • Spawn Location: 1:00

Jockel

  • Race: Zerg Zerg
  • League: Diamond
  • Spawn Location: 11:00

VOD

Have the link to the VOD?

Description

Time

  • Played on: May 6, 2019, 1:18 p.m.
  • Length: 4:51
Show
View Real Time Build Order
Export as new Build Order

Sorandom Zerg - Winner!

Build Orders: Pool First 

Get SALT Encoding   

  12  0:01  Drone  
  13  0:13  Overlord  
  13  0:18  Drone  
  14  0:31  Drone x2  
  14  0:35  Drone  
  17  0:48  Spawning Pool  
  16  0:51  Drone  
  18  0:57  Drone  
  18  1:02  Extractor  
  17  1:18  Hatchery  
  17  1:21  Drone  
  17  1:25  Drone  
  17  1:28  Drone  
  19  1:39  Zergling x2  
  20  1:44  Queen  
  22  1:53  Overlord  
  22  2:02  Baneling Nest  
  22  2:03  Zergling x2  
  22  2:15  Zergling x2  
  23  2:25  Zergling x2  
  24  2:30  Queen  
  24  2:32  Zergling x2  
  24  2:33  Zergling x2  
  28  2:42  Zergling x2  
  29  2:46  Zergling x2  
  29  2:49  Metabolic Boost  
  30  2:53  Zergling x4  
  30  2:56  Zergling x4  
  34  3:00  Zergling x2  
  34  3:04  Zergling x2  
  36  3:10  Overlord  
  36  3:23  Overlord  
  36  3:29  Baneling x2  
  36  3:30  Baneling x2  
  36  3:32  Zergling x4  
  38  3:36  Zergling x2  
  39  3:43  Zergling x4  
  41  3:52  Zergling x4  
  41  3:55  Zergling x2  
  44  3:58  Zergling x2  
  44  4:01  Zergling x2  
  46  4:08  Zergling x4  
  48  4:15  Zergling x4  
  48  4:34  Zergling x2  
Show
View Real Time Build Order
Export as new Build Order

Jockel Zerg 

Build Orders: Hatch First 

Get SALT Encoding   

  12  0:03  Drone  
  13  0:13  Overlord  
  13  0:18  Drone  
  14  0:32  Drone x2  
  16  0:40  Drone  
  17  0:54  Hatchery  
  17  0:57  Drone  
  17  1:00  Drone  
  17  1:04  Extractor  
  17  1:17  Spawning Pool  
  16  1:20  Drone  
  16  1:23  Drone  
  18  1:31  Drone  
  19  1:42  Overlord  
  19  2:03  Queen  
  19  2:05  Zergling x2  
  19  2:06  Zergling x4  
  24  2:12  Metabolic Boost  
  24  2:16  Drone  
  24  2:19  Drone  
  26  2:38  Baneling Nest  
  25  2:45  Queen x2  
  25  2:48  Overlord  
  25  2:49  Drone x2  
  31  2:55  Overlord  
  31  3:08  Drone x2  
  31  3:10  Drone x3  
  36  3:22  Roach Warren  
  36  3:27  Lair  
  36  3:32  Drone x4  
  36  3:33  Extractor  
  39  3:38  Evolution Chamber  
  38  3:48  Overlord  
  38  3:51  Drone x3  
  38  3:53  Drone  
  38  3:54  Drone  
  43  3:56  Drone  
  43  3:58  Drone  
  44  4:14  Roach x3  
  50  4:18  Evolution Chamber, Spine Crawler  
Tags
 
Matchup
ZvZ
Race
Zerg
Replay Pack
Desktop
Spawn Locations
Close Positions
Add a new tag
Caveats
  • Supply blocks, unpowered buildings, or Contaminate may cause inaccurate times.
  • Supply counts are checked every 10 seconds.